 Dungeon Crawl Stone Soup version 0.23-a0-356-g1757c6e (webtiles) character file.

1864 MisterFreud the Nimble (level 8, -5/32 HPs)
             Began as a Felid Artificer on Oct 21, 2018.
             Was a Believer of Uskayaw.
             Slain by a wolf spider zombie (14 damage)
             ... on level 9 of the Dungeon.
             The game lasted 00:32:46 (11539 turns).

MisterFreud the Nimble (Felid Artificer)           Turns: 11539, Time: 00:32:47

Health: -5/32      AC:  2    Str: 10    XL:     8   Next: 90%
Magic:  13/13      EV: 26    Int: 14    God:    Uskayaw [**....]
Gold:   398        SH:  0    Dex: 16    Spells: 7/7 levels left
                                        Lives:  0   Deaths: 2

rFire    . . .     SeeInvis +     - Unarmed
rCold    . . .     Gourm    .   (shield unavailable)
rNeg     . . .     Faith    .   (armour unavailable)
rPois    .         Spirit   .   (helmet unavailable)
rElec    .         Reflect  .   (cloak unavailable)
rCorr    .         Harm     .   (gloves unavailable)
MR       ++...                  (boots unavailable)
Stlth    +++++.....             (no amulet)
HPRegen  0.10/turn              j - ring of protection from magic
MPRegen  0.13/turn              (no ring)

@: quick
A: very small, no armour, no weapons or thrown items, stealth, claws 1, fangs 3,
see invisible, carnivore, speed 1, shaggy fur 2, slow metabolism 1, sharp paws
a: Stomp, Line Pass, Renounce Religion


You were on level 9 of the Dungeon.
You worshipped Uskayaw.
Uskayaw was noncommittal.
You were very full.

You visited 1 branch of the dungeon, and saw 10 of its levels.
You also visited: Sewer.

You collected 398 gold pieces.

Inventory:

Jewellery
 j - a ring of protection from magic (left paw)
 q - an uncursed ring of magical power
Wands
 m - a wand of acid (2)
Scrolls
 c - a scroll of remove curse
 n - 4 scrolls of teleportation
Potions
 e - 4 potions of flight
 f - a potion of cancellation
 g - 2 potions of haste
 i - a potion of curing
 k - a potion of ambrosia {unknown}
 l - a potion of berserk rage {unknown}
 o - a potion of magic
Comestibles
 d - 14 rations


   Skills:
 - Level 1.0 Fighting
 - Level 10.0 Dodging
 - Level 10.0 Stealth
 + Level 9.1 Unarmed Combat
 - Level 4.0 Invocations
 + Level 5.6 Evocations


You had 7 spell levels left.
You didn't know any spells.
Your spell library contained the following spells:

 Spells                   Type           Power        Failure   Level  Hunger
 Summon Small Mammal      Summ           #...         28%         1    ##.....
 Call Imp                 Summ           #.......     41%         2    ###....
 Call Canine Familiar     Summ           #.......     65%         3    ####...
 Summon Guardian Golem    Hex/Summ       #.......     65%         3    ####...
 Summon Ice Beast         Ice/Summ       #.......     96%         4    #####..
 Summon Lightning Spire   Summ/Air       #.......     96%         4    #####..


Dungeon Overview and Level Annotations

Branches:
Dungeon (10/15)            Temple (0/1) D:6            Lair (0/6) D:8
    Orc: D:9-12

Altars:
Cheibriados
Elyvilon
Gozag
Nemelex Xobeh
Okawaru
Ru
Uskayaw


Innate Abilities, Weirdness & Mutations

You cannot wear armour.
You are incapable of wielding weapons or throwing items.
Your paws allow you to move quietly. (Stealth)
You have sharp claws.
You have razor-sharp teeth.
You have supernaturally acute eyesight. (SInv)
You are carnivorous and can eat meat at any time.
You cover ground quickly.
You are covered in thick fur. (AC +2)
You have a slow metabolism.
Your sharp claws are effective at attacking unaware monsters.


Message History

You barely miss the wolf spider zombie.
The wolf spider zombie is moderately damaged.
The wolf spider zombie closely misses you.
The wolf spider zombie completely misses you.
Evoke which item? (* to show all) (? for menu, Esc to quit)
Aiming: Corrosive Bolt
Press: ? - help, Shift-Dir - straight line, f - wolf spider zombie
Aim: a wolf spider zombie (moderately damaged)
The bolt of acid hits the wolf spider zombie.
The wolf spider zombie is splashed with acid.
The acid corrodes the wolf spider zombie!
The wolf spider zombie is severely damaged.
The wolf spider zombie misses you. The wolf spider zombie bites you!
* * * LOW HITPOINT WARNING * * *
You can now pass through a line of other dancers.
You claw the wolf spider zombie!
Your bite misses the wolf spider zombie.
The wolf spider zombie is severely damaged.
The wolf spider zombie hits you!
You die...

#........# ....
#........# ....
#........# #...
#...######
#...###'###...#
#.........'...#
#.........#...#
#.....Z...#...# ...##
#...##@####...# ....###
.##...##'####+###
....#.# ................
.....########)..........
.......8# #...........
........'
#.>..##.....#######
......# #....#
.....#.....# )....#
###....########.....#
†...##
#......##.....#.....#


You could see a wolf spider zombie.

Vanquished Creatures
  A two-headed ogre (D:7)
  Pikel (D:5)
  Maurice (D:8)
  Eustachio (D:4)
  A yak (D:5)
  A black bear (D:7)
  A slave (D:5)
  6 ice beasts
  3 ogres
  2 phantoms
  A centaur (D:9)
  7 bullfrogs
  A water moccasin zombie (D:5)
  A scorpion (D:5)
  2 killer bees (D:9)
  2 howler monkeys (D:6)
  A bullfrog zombie (D:7)
  A crimson imp (D:8)
  A jelly (D:8)
  An orc priest (D:7)
  6 hounds
  2 orc wizards
  2 iguanas
  6 worker ants
  2 hound skeletons
  A worker ant zombie (D:10)
  10 adders
  A river rat (D:4)
  2 shadow imps
  2 oozes
  2 adder skeletons (D:4)
  2 worms
  2 dart slugs
  3 leopard geckos (D:4)
  21 orcs
  3 ball pythons (Sewer)
  4 giant cockroaches
  9 hobgoblins
  A jackal (Sewer)
  5 kobolds
  3 quokkas
  9 bats
  10 frilled lizards
  3 goblins
  A leopard gecko skeleton (D:7)
  5 rats
  A plant (Sewer)
154 creatures vanquished.

Vanquished Creatures (collateral kills)
  2 killer bees (D:9)
  An adder (D:6)
  2 orcs (D:9)
  A giant cockroach (D:1)
  A hobgoblin (D:1)
  A kobold (D:1)
  A rat (D:1)
9 creatures vanquished.

Vanquished Creatures (others)
  A killer bee (D:9)
1 creature vanquished.

Grand Total: 164 creatures vanquished

Notes
Turn   | Place    | Note
-------+----------+-------------------------------------------
     0 | D:1      | MisterFreud the Felid Artificer began the quest for the
                  | Orb.
     0 | D:1      | Reached XP level 1. HP: 9/9 MP: 4/4
   293 | D:1      | Reached XP level 2. HP: 12/12 MP: 5/5
   971 | D:1      | Reached XP level 3. HP: 14/15 MP: 6/6
  1699 | D:2      | Reached skill level 5 in Stealth
  2490 | D:3      | Found an opulent altar of Gozag.
  2635 | D:3      | Reached XP level 4. HP: 5/19 MP: 7/7
  3122 | D:3      | Noticed a dagger
  3127 | D:3      | Noticed a dagger
  3131 | D:3      | Found a hide-covered altar of Uskayaw.
  3209 | D:3      | Became a worshipper of Uskayaw the Reveler
  3220 | D:4      | Reached * piety under Uskayaw
  3280 | D:4      | Reached ** piety under Uskayaw
  3417 | D:4      | Found a glowing drain.
  3421 | Sewer    | Entered a sewer
  3525 | Sewer    | Reached XP level 5. HP: 7/22 MP: 8/8
  4527 | D:4      | Noticed Eustachio
  4557 | D:4      | Killed Eustachio
  4557 | D:4      | Gained mutation: You are covered in thick fur. (AC +2)
                  | [Felid growth]
  4557 | D:4      | Reached XP level 6. HP: 23/25 MP: 9/9
  4635 | D:4      | Reached *** piety under Uskayaw
  4885 | D:5      | Entered Level 5 of the Dungeon
  4967 | D:5      | Reached skill level 5 in Unarmed Combat
  4996 | D:5      | Found a snail-covered altar of Cheibriados.
  5040 | D:5      | Reached **** piety under Uskayaw
  5047 | D:5      | Reached ***** piety under Uskayaw
  5057 | D:5      | Reached XP level 7. HP: 19/28 MP: 10/10
  5686 | D:5      | Reached skill level 1 in Invocations
  5870 | D:5      | Noticed Pikel
  6194 | D:5      | Killed Pikel
  6194 | D:5      | Reached XP level 8. HP: 25/32 MP: 11/11
  6358 | D:6      | Reached skill level 5 in Dodging
  6397 | D:6      | Found a sparkling altar of Nemelex Xobeh.
  6996 | D:6      | Found a staircase to the Ecumenical Temple.
  7981 | D:6      | Found a sacrificial altar of Ru.
  8003 | D:6      | Slain by an iguana
  8004 | D:6      | Reached XP level 7. HP: -1/28 MP: 20/20
  8604 | D:7      | Reached XP level 8. HP: 9/32 MP: 12/12
  9084 | D:7      | Noticed a two-headed ogre
  9089 | D:7      | Killed a two-headed ogre
  9118 | D:7      | Reached skill level 10 in Dodging
  9176 | D:7      | Found a white marble altar of Elyvilon.
  9185 | D:7      | Reached XP level 9. HP: 35/35 MP: 13/13
  9230 | D:7      | Found an iron altar of Okawaru.
  9415 | D:8      | Noticed a death yak
  9417 | D:8      | Found a staircase to the Lair.
  9418 | D:8      | Noticed a death yak
  9418 | D:8      | Noticed a death yak
  9418 | D:8      | Noticed a death yak
  9452 | D:8      | Noticed a death yak
  9932 | D:8      | Noticed Maurice
 10432 | D:8      | Killed Maurice
 10432 | D:8      | Reached skill level 5 in Evocations
 11156 | D:9      | Reached skill level 10 in Stealth
 11404 | D:9      | Mangled by a wolf spider zombie
 11405 | D:9      | Reached XP level 8. HP: -6/32 MP: 13/13
 11481 | D:10     | Entered Level 10 of the Dungeon
 11539 | D:9      | Slain by a wolf spider zombie

Vault maps used:
D:1:      lightli_arrival_boilingwater, eino_curves_01, kennysheep_crisscross
D:3:      nicolae_gozag_seed_capital, dancing_weapons_uskayaw, first_ration
D:4:      gup_sewer_entry_bowl, uniq_eustachio
D:5:      basic_altar, st_stairs_11, uniq_pikel
D:6:      nemelex_xobeh_ov_fountains_minmay, old_standard_altar,
          minmay_temple_entry_junction, chequers_serial_rivers_micro_e
D:7:      elyvilon_altar_3, lemuel_round_altar
D:8:      dpeg_lair_monsters, uniq_maurice, uniq_joseph
D:9:      palyth_temple_overflow_mages, marbit_many_paths, kennysheep_mini_moat,
          hiddenorc1_lemuel, enter_bailey_7
D:10:     uniq_nergalle
Sewer:    sewer_co_scattered_pipes

Skill      XL: |  1  2  3  4  5  6  7  8  9 |
---------------+----------------------------+-----
Stealth        | 3 4 5 6 7 8 10 | 10.0
Unarmed Combat | 2 4 6 8 9 |  9.1
Dodging        | 4 10 | 10.0
Invocations    | 2 4 |  4.0
Evocations     | 5 |  5.6
Fighting       | |  1.0

Action                   |  1- 3 |  4- 6 |  7- 9 || total
-------------------------+-------+-------+-------++-------
Melee: Unarmed           |   129 |   260 |   339 ||   728
       Bite              |    12 |    30 |    35 ||    77
       Punch             |       |       |    18 ||    18
Evoke: Wand              |     8 |     4 |    34 ||    46
  Use: Scroll            |     5 |       |    13 ||    18
       Potion            |       |       |     6 ||     6
 Stab: Sleeping          |    15 |     7 |    18 ||    40
       Paralysed         |       |     4 |     3 ||     7
  Eat: Chunk             |     9 |     6 |    19 ||    34
Armor: Skin              |     6 |     4 |     9 ||    19
Dodge: Dodged            |    93 |   123 |   256 ||   472

Table legend:
 A = Non-vault XP
 B = Vault XP
 C = Vault XP percentage of total XP
 D = Non-vault monster count
 E = Vault monster count
 F = Vault count percentage of total count
                 A         B        C        D         E       F
            +---------+---------+-------+---------+---------+-------
      Total |    4775 |    1667 |  25.9 |     130 |      31 |  19.3
            +---------+---------+-------+---------+---------+-------
        D:1 |      46 |       0 |   0.0 |      25 |       0 |   0.0
        D:2 |      41 |       0 |   0.0 |      21 |       0 |   0.0
        D:3 |      25 |       0 |   0.0 |       5 |       0 |   0.0
        D:4 |     140 |     230 |  62.2 |       8 |       4 |  33.3
        D:5 |     572 |     846 |  59.7 |      14 |       5 |  26.3
        D:6 |     629 |       0 |   0.0 |      12 |       0 |   0.0
        D:7 |    1588 |       0 |   0.0 |      17 |       0 |   0.0
        D:8 |    1205 |     485 |  28.7 |      19 |       1 |   5.0
        D:9 |     510 |      65 |  11.3 |       7 |      10 |  58.8
       D:10 |      19 |       0 |   0.0 |       2 |       0 |   0.0
      Sewer |       0 |      41 | 100.0 |       0 |      11 | 100.0
            +---------+---------+-------+---------+---------+-------
